← All builds
Suicide front / Cortex / Economy first / OBSERVED BUILD

Pounder assault push

Vehicle plant into an early Pounder riot line by 1:16, backed by Rascal raiders, Wolverine artillery and Brute assault tanks, pushing into the middle earlier than the norm.

Usually 3 mex, then lab (68%)

#push #raid #artillery · 18 distinct matches · 6 players · 3% of Cortex Suicide front games · team won 63% of 19 · Recently observed

THE CATCH, AND WHAT COMES WITH IT
  • PounderT1 vehicle riot from 1:16 · 10% of role by thenFrom the Vehicle Plant. Only 10% of Suicide front games have it by then; others who build it get it around 1:36
  • Vehicle PlantVehicle Plant in 100%12% of all Suicide front games by then
  • WolverineWolverine in 84%6% of all Suicide front games by then
  • RascalRascal in 79%7% of all Suicide front games by then
  • BruteBrute in 68%3% of all Suicide front games by then

Where those units first fight, in 19 games with kill data: in the middle 89%, on their own side 11%.

Those units destroy a typical 1,555 metal of enemy units by 15:00.

Then transitions into brute (25% of army), wolverine (12% of army), Rattlesnake (9% of army).

HOW TO PLAY IT

Key timing: Pounder pressure by 1:26

  1. Open straight into Vehicle Plant instead of the usual bot lab.
  2. Send early Rascal raiders out to harass and scout.
  3. Lead the push with Pounder riot tanks at middle.
  4. Add Wolverine light arty to back the vehicle line.
  5. Transition into Brute-heavy assault as the army scales.

Phase by phase

TYPICAL OF ITS 18 GAMES · AGAINST STANDARD SUICIDE FRONT
  1. 1
  2. 2
  3. 3
  4. 4
PLAY THE OPENING

Follow the example game's first 6:00 step by step: what to build now, what comes next, and where it goes. At 1× it keeps pace with your own game.

  1. 1

    Up to the Vehicle Plant

    Economy
    • Metal Extractor3Mex+2 vs standard
    Order
    1. Vehicle PlantVehicle Plant after 3 mexdone ~0:48, middle half 0:47–0:52

    By 0:29 in all: 3 mex (standard 1)

    The example game in this phase · 2 steps
    1. Mex ×3
    2. Vehicle PlantVehicle Plantdone 0:54 · typical 0:48
  2. 2

    Vehicle Plant to T1 vehicle riot

    Economy
    • Wind Turbine1Wind
    Order
    1. PounderT1 vehicle riot after 3 mex, 1 wind
    Builders
    • Construction Vehicle1 Con vehicle

    Some games also: mex (32%)

    By 1:16 in all: 3 mex · 1 wind

    The example game in this phase · 2 steps
    1. Wind
    2. PounderPounderdone 1:16
  3. 3

    T1 vehicle riot to 5:00

    Economy
    • Metal Extractor2Mex
    • Wind Turbine7Wind+6 vs standard
    Builders
    • Construction Vehicle3 Con vehicle +3 vs standard
    Army
    • Guard2 Guard
    • Wolverine5 Wolverine +5 vs standard
    • Pounder3 Pounder +3 vs standard
    Other
    • Radar Tower1 Radar Tower

    Some games also: con turret (42%) · rascal (42%) · brute (42%) · Twin Guard (37%)

    The standard build makes here, this one skips: 3 Graverobber · 2 con bot · 14 thug

    By 5:00 in all: 5 mex · 8 wind (standard 3)

    The example game in this phase · 21 steps
    1. Wind ×3
    2. PounderPounder
    3. Wind
    4. Construction VehicleCon vehicle
    5. Wind
    6. PounderPounder
    7. Wind ×2
    8. Construction VehicleCon vehicle
    9. Mex
    10. Radar TowerRadar Tower
    11. Construction VehicleCon vehicle
    12. WolverineWolverine
    13. Mex
    14. WolverineWolverine ×4
    15. PounderPounder
    16. BruteBrute
    17. GuardGuard ×2
    18. BruteBrute
    19. GuardGuard ×2
    20. BruteBrute ×3
    21. Exploiter
  4. 4

    5:00 to 10:00

    Economy
    • Metal Extractor1Mex
    • Wind Turbine15Wind
    Builders
    • Construction Turret2 Con turret
    • Construction Vehicle2 Con vehicle +2 vs standard
    Army
    • Guard1 Guard
    • Brute8 Brute +8 vs standard
    • Pounder2 Pounder +2 vs standard
    • Rascal2 Rascal +2 vs standard
    Other
    • Radar Tower1 Radar Tower

    Some games also: lasher (47%) · energy storage (32%) · Twin Guard (32%)

    The standard build makes here, this one skips: 2 Graverobber

    By 10:00 in all: 6 mex · 24 wind (standard 18) · 3 con turret

    The example game in this phase · 116 steps
    1. RascalRascal
    2. LasherLasher
    3. Construction VehicleCon vehicle ×3
    4. Mex ×4
    5. BruteBrute
    6. GuardGuard
    7. Mex
    8. GuardGuard
    9. BruteBrute
    10. Wind
    11. Advanced Metal ExtractorT2 mexdone 7:58 · typical 9:53
    12. GuardGuard
    13. Wind ×2
    14. Construction VehicleCon vehicle
    15. Wind ×2
    16. Mex
    17. Wind
    18. GuardGuard
    19. Wind
    20. BruteBrute
    21. Wind ×2
    22. Advanced Metal ExtractorT2 mex
    23. Con turret
    24. BruteBrute
    25. Wind ×2
    26. Twin GuardTwin Guard
    27. BruteBrute
    28. Wind
    29. Radar TowerRadar Tower
    30. RascalRascal
    31. BruteBrute
    32. Wind ×3
    33. BruteBrute
    34. Advanced Metal ExtractorT2 mex
    35. Wind
    36. BruteBrute
    37. Wind
    38. CastroCastro
    39. Wind ×3
    40. BruteBrute
    41. Wind ×4
    42. RascalRascal ×2
    43. Wind
    44. RascalRascal
    45. Wind
    46. RascalRascal
    47. Wind ×2
    48. BruteBrute
    49. Advanced Metal ExtractorT2 mex
    50. Wind ×3
    51. RascalRascal
    52. Wind
    53. LasherLasher
    54. Wind
    55. Con turret
    56. Wind
    57. Construction VehicleCon vehicle
    58. Wind ×2
    59. BruteBrute
    60. Wind ×3
    61. BruteBrute
    62. Con turret ×2
    63. Wind
    64. BruteBrute
    65. Wind
    66. Con turret
    67. BruteBrute
    68. Fortification WallFortification Wall
    69. Wind
    70. Fortification WallFortification Wall
    71. Con turret
    72. Wind
    73. Fortification WallFortification Wall ×2
    74. RascalRascal
    75. ThistleThistle
    76. RascalRascal
    77. Wind ×2
    78. Pit BullPit Bull
    79. RascalRascal
    80. Wind
    81. ThistleThistle
    82. RascalRascal
    83. Wind
    84. RascalRascal
    85. BruteBrute
    86. Wind ×2
    87. RascalRascal
    88. ThistleThistle
    89. BruteBrute
    90. Wind ×2
    91. BruteBrute
    92. Wind
    93. BruteBrute
    94. Construction VehicleCon vehicle
    95. Wind
    96. Construction VehicleCon vehicle
    97. Energy storage
    98. Wind
    99. BruteBrute ×2
    100. Wind
    101. RascalRascal
    102. LasherLasher
    103. Wind
    104. Construction VehicleCon vehicle
    105. Wind
    106. BruteBrute ×2
    107. Advanced solar
    108. BruteBrute ×2
    109. Converter
    110. BruteBrute
    111. RascalRascal ×5
    112. Advanced solar
    113. RascalRascal
    114. BruteBrute ×2
    115. Converter
    116. BruteBrute

Counts are medians over the build's games: half of them build more, half fewer. The example game is CommandoMan's (36 OS, 29/08/2026); pick another.

Team trades

IN AT LEAST 30% OF ITS GAMES

You hand over

Nothing regular.

You get

  • Tidal Generator4 Tidal from Pondfirst at 0:13 · in 68% of games
  • Advanced Construction Bot1 T2 con bot from Geofirst at 7:45 · in 53% of games
  • Advanced Construction Vehicle1 T2 con vehicle from Geofirst at 9:06 · in 32% of games

How it plays out

Typical game of this build against the role’s standard build, running totals by minute

  • This build
  • Standard suicide front

Metal produced

010k20k
0:005:0010:0015:00

metal

Enemy metal destroyed

05k10k
0:005:0010:0015:00

metal

Own metal lost

05k10k15k
0:005:0010:0015:00

metal

19 games.

Show as table
ByMetal produced: This buildMetal produced: Standard suicide frontEnemy metal destroyed: This buildEnemy metal destroyed: Standard suicide frontOwn metal lost: This buildOwn metal lost: Standard suicide front
1:003802730000
2:009409560000
3:00178520581301910130
4:0027703151605663220628
5:0038874328109916974261420
6:00487055341939256510962380
7:00626567682755356414363465
8:00742079714096450524504456
9:00849792344336518631455453
10:009647104505415581142666293
11:0010597119465415628847237124
12:0012375136125694681560508150
13:0014399153065724746167398924
14:0016932170546030822180629879
15:00195891877677998872922610532
WHAT THE NUMBERS SAY

Won clearly more often than the standard build while losing much less metal by every checkpoint shown.

  • + Lost only 426 metal by 5:00 vs 1451 standard.
  • + Team won 63% vs 50% for the standard build.
  • − Destroyed less enemy metal than standard by 15:00 (7799 vs 8805).
THE EXAMPLE YOU ARE READING

CommandoMan

36.1 OS · 29/08/2026

Open source match ↗

5 received units · includes a constructor
106 metal received · 18240 energy received

Allied construction assistance is unknown. Timings are observations, not a promise of solo reproducibility.

Typical milestones

Vehicle Plant0:48Middle 50%: 0:47–0:52 · n=19
Advanced Metal Extractor9:53Middle 50%: 9:38–10:58 · n=15

Played most by

CommandoMan9games of this buildMischievousDragonGF4games of this buildRAM_Ricardo3games of this build[crd]sisa1game of this buildGieds1game of this build